 Dungeon Crawl Stone Soup version 0.27-a0-637-g3a9f0a9c12 (webtiles) character file.

Game seed: 10614635445339224276

16 CypherZel the Skirmisher (level 2, 0/27 HPs)
             Began as a Palentonga Abyssal Knight on Mar 14, 2021.
             Was a Follower of Lugonu.
             Slain by a leopard gecko (5 damage)
             ... on level 1 of the Dungeon.
             The game lasted 00:02:14 (449 turns).

CypherZel the Skirmisher (Palentonga Abyssal Knight) Turns: 449, Time: 00:02:15

Health: 0/27       AC:  4    Str: 15    XL:     2   Next: 41%
Magic:  4/4        EV:  9    Int: 12    God:    Lugonu [*.....]
Gold:   87         SH:  0    Dex:  9    Spells: 1/1 levels left

rFire    . . .     SeeInvis +   c - +0 eveningstar
rCold    . . .     Faith    .   (no shield)
rNeg     . . .     Spirit   .   b - +0 leather armour
rPois    .         Reflect  .   (no helmet)
rElec    .         Harm     .   (no cloak)
rCorr    .         Rampage  .   (no gloves)
Will     .....                  (no barding)
Stlth    +.........             (no amulet)
HPRegen  0.09/turn              (no ring)
MPRegen  0.09/turn              (no ring)

@: no status effects
A: large, rugged brown scales 3, see invisible, deformed body, roll 1, armoured
tail
a: Rolling Charge, Renounce Religion, Depart the Abyss


You were on level 1 of the Dungeon.
You worshipped Lugonu.
Lugonu was aware of your devotion.
You visited 1 branch of the dungeon, and saw 1 of its levels.
You visited the Abyss 1 time.

You collected 87 gold pieces.

Inventory:

Hand Weapons
 a - a +1 falchion
 c - a +0 eveningstar (weapon)
Armour
 b - a +0 leather armour (worn)
Potions
 d - a potion of degeneration {unknown}
 e - a potion of lignification {unknown}
 f - a potion of flight {unknown}
 g - 2 potions of curing {unknown}


   Skills:
 + Level 3.4 Fighting
 - Level 2.0 Long Blades
 - Level 1.5 Armour
 - Level 0.7 Dodging
 + Level 2.7 Invocations


You had one spell level left.
You didn't know any spells.
Your spell library was empty.

Dungeon Overview and Level Annotations

Branches:
Dungeon (1/15)

Altars:


Innate Abilities, Weirdness & Mutations

You are completely covered in rugged brown scales. (AC +3, +7% HP)
You have supernaturally acute eyesight. (SInv)
Armour fits poorly on your strangely shaped body.
You can roll at nearby foes to attack.
You have a long armoured tail.


Message History

Aim: a gnoll You roll forward with a clatter of scales!
You barely miss the gnoll.
You hear a shout!
You puncture the gnoll!
The gnoll is severely wounded.
The gnoll hits you.
You closely miss the gnoll.
Your tail-slap misses the gnoll.
The gnoll is severely wounded.
The gnoll hits you.
You closely miss the gnoll.
The gnoll is severely wounded.
The gnoll hits you!
* * * LOW HITPOINT WARNING * * *
You puncture the gnoll!
You kill the gnoll!
You have reached level 2!
A kobold comes into view. It is wielding a +0 club.
A leopard gecko comes into view.
Okay, then.
Okay, then.
The leopard gecko hisses angrily.
You puncture the kobold!
You kill the kobold! a +0 club; a kobold corpse A goblin comes into view.
You barely miss the goblin.
Your tail-slap misses the goblin.
The leopard gecko bites you.
* * * LOW HITPOINT WARNING * * *
You closely miss the goblin. The leopard gecko bites you.
* * * LOW HITPOINT WARNING * * *
You miss the goblin. The leopard gecko bites you.
* * * LOW HITPOINT WARNING * * *
You barely miss the goblin. The goblin hits you.
* * * LOW HITPOINT WARNING * * *
The leopard gecko bites you.
* * * LOW HITPOINT WARNING * * *
Unknown command.
You closely miss the leopard gecko. The leopard gecko bites you.
You die...

#......#
#..#.......#
#......#
##.#.......#
#.g...##
#.#.....).# .[....
#.#.......# ......
#..†......#
##........# #.#
#.######## #.#
#l##########.#
#@#......÷##.#
######g#÷.÷.÷÷.÷+.#
+......#÷÷÷..÷.##.#
######.#÷<÷###>##.#
#.#÷....÷.##.#
#.#.÷.÷....'.#
#.#÷..÷...##.#
#.##########.#
#...#........#


You could see a leopard gecko and a goblin.

Vanquished Creatures
  A gnoll (D:1)
  A dart slug (D:1)
  2 kobolds (D:1)
  A frilled lizard (D:1)
  2 rats (D:1)
7 creatures vanquished.

Notes
Turn   | Place    | Note
-------+----------+-------------------------------------------
     0 | Abyss:1  | CypherZel the Palentonga Abyssal Knight began the quest for
                  | the Orb.
     0 | Abyss:1  | Reached XP level 1. HP: 20/20 MP: 2/2
     7 | Abyss:1  | Found a corrupted altar of Lugonu.
    42 | Abyss:1  | Noticed a large abomination
    85 | Abyss:2  | Noticed a raiju
    85 | Abyss:2  | Noticed a raiju
    88 | D:1      | Escaped the Abyss
   405 | D:1      | Reached XP level 2. HP: 10/27 MP: 4/4
   449 | D:1      | Slain by a leopard gecko

Illustrated notes

Levels and vault maps discovered:
D:1:      heliophobic_arrival_battle_scene, layout_basic

Action                   || total
-------------------------++-------
Melee: Eveningstar       ||    27
       Tailslap          ||     1
 Abil: Rolling Charge    ||     5
Armor: Leather armour    ||    17
Dodge: Dodged            ||    16

Table legend: (Time is in decaauts)
 A = Elapsed time spent in this place.
 B = Non-inter-level travel time spent in this place.
 C = Inter-level travel time spent in this place.
 D = Time resting spent in this place.
 E = Time spent auto-exploring this place.
 F = Levels seen in this place.
 G = Mean time per level.
                   A        B        C        D        E       F      G
               +--------+--------+--------+--------+--------+-----+--------+
         Total |    461 |    461 |      0 |    181 |    114 |   3 |  153.7 |
       Dungeon |    373 |    373 |      0 |    181 |     72 |   1 |  373.0 |
         Abyss |     88 |     88 |      0 |      0 |     42 |   2 |   44.0 |
               +--------+--------+--------+--------+--------+-----+--------+

Top non-repeatable levels by time:
     D:1: 373 daAuts
 Abyss:1: 57 daAuts
 Abyss:2: 31 daAuts
